 Dungeon Crawl Stone Soup version 0.26-a0-708-g17f3b190f9 (webtiles) character file.

Game seed: 16172611520189879487

37 lunkers the Poker (level 3, -1/28 HPs)
             Began as a Merfolk Gladiator on Oct 29, 2020.
             Slain by a kobold (2 damage)
             ... on level 2 of the Dungeon.
             The game lasted 00:01:25 (1463 turns).

lunkers the Poker (Merfolk Gladiator)               Turns: 1463, Time: 00:01:25

Health: -1/28      AC:  6    Str: 14    XL:     3   Next: 41%
Magic:  3/3        EV: 13    Int:  7    God:
Gold:   40         SH:  0    Dex: 16    Spells: 2/2 levels left

rFire    . . .     SeeInvis .   a - +0 trident
rCold    . . .     Faith    .   (no shield)
rNeg     . . .     Spirit   .   o - +0 ring mail
rPois    .         Reflect  .   c - +0 helmet
rElec    .         Harm     .   (no cloak)
rCorr    .         Rampage  .   (no gloves)
MR       .....                  (no boots)
Stlth    +.........             (no amulet)
HPRegen  0.09/turn              (no ring)
MPRegen  0.08/turn              (no ring)

@: no status effects
A: change form in water, swift swim, stealthy swim
a: no special abilities


You were on level 2 of the Dungeon.
You visited 1 branch of the dungeon, and saw 2 of its levels.

You collected 40 gold pieces.

Inventory:

Hand Weapons
 a - a +0 trident (weapon)
Missiles
 d - 3 throwing nets {=f}
Armour
 b - a +0 leather armour
 c - a +0 helmet (worn)
 o - a +0 ring mail (worn)
Scrolls
 g - a scroll of remove curse {unknown}
 h - a scroll of amnesia {unknown}
 i - 2 scrolls of immolation {unknown}
 j - 2 scrolls of teleportation {unknown}
 k - a scroll of fog {unknown}
 l - 2 scrolls of magic mapping {unknown}
 m - 2 scrolls of noise {unknown}
 n - a scroll of fear {unknown}
Potions
 e - a potion of lignification {unknown}
 f - 2 potions of brilliance {unknown}


   Skills:
 + Level 2.7 Fighting
 * Level 5.5 Polearms
 - Level 2.0 Throwing
 + Level 4.5 Dodging


You had 2 spell levels left.
You didn't know any spells.
Your spell library was empty.

Dungeon Overview and Level Annotations

Branches:
Dungeon (2/15)

Altars:

Annotations:
D:2 Robin


Message History

Unknown command.
Robin misses you. The kobold hits you but does no damage.
You see here a hobgoblin corpse.
Attack whom?
Press: ? - help, Dir - move target cursor, f/p - Robin
Aim: Robin, wielding a +2 dagger of protection, wearing a +0 animal skin and wearing a +0 helmet (severely wounded)
Your ring mail prevents you from hitting Robin.
Robin is severely wounded.
Robin hits you with a +2 dagger of protection.
* * * LOW HITPOINT WARNING * * *
The kobold barely misses you.
Attack whom?
Press: ? - help, Dir - move target cursor, f/p - Robin
Aim: Robin, wielding a +2 dagger of protection, wearing a +0 animal skin and wearing a +0 helmet (severely wounded)
You hit Robin but do no damage.
Robin is severely wounded.
Robin hits you with a +2 dagger of protection.
* * * LOW HITPOINT WARNING * * *
The kobold hits you.
You die...

.#.# ..# .>.
# ..# #.##
#.# ..#
#.#####..
#.##........
#.....##
#..@g).#
#...###K#.#
#.# #g#... #
#.# ### ...
..# ####


You could see Robin, a goblin (strong) and a kobold.

Vanquished Creatures
  A dart slug (D:1)
  5 bats (D:1)
  A giant cockroach (D:1)
  14 goblins
  5 hobgoblins
  A ball python (D:1)
  A frilled lizard (D:1)
  4 kobolds (D:1)
  2 rats (D:1)
34 creatures vanquished.

Vanquished Creatures (others)
  32 plants (D:1)
32 creatures vanquished.

Grand Total: 66 creatures vanquished

Notes
Turn   | Place    | Note
-------+----------+-------------------------------------------
     0 | D:1      | lunkers the Merfolk Gladiator began the quest for the Orb.
     0 | D:1      | Reached XP level 1. HP: 16/16 MP: 1/1
   350 | D:1      | Reached XP level 2. HP: 23/23 MP: 2/2
   398 | D:1      | Reached skill level 5 in Polearms
   810 | D:1      | Reached XP level 3. HP: 28/28 MP: 3/3
  1267 | D:2      | Noticed Robin
  1463 | D:2      | HP: 1/28 [Robin/+2 dagger of protection (5)]
  1463 | D:2      | Slain by a kobold

Illustrated notes

Levels and vault maps discovered:
D:1:      noname_arrival_rooms_in_the_neighbourhood, layout_basic, st_stairs_3,
          kennysheep_boxes
D:2:      layout_loops_ring, chequers_ecumenical_altar_twisty, uniq_robin

Skill      XL: |  1  2 |
---------------+-------+-----
Polearms       | 5 |  5.5
Fighting       | |  2.7
Throwing       | |  2.0
Dodging        | |  4.5

Action                   || total
-------------------------++-------
Melee: Trident           ||   112
 Stab: Sleeping          ||     2
Armor: Leather armour    ||    28
       Ring mail         ||    14
Dodge: Dodged            ||    87

Table legend: (Time is in decaauts)
 A = Elapsed time spent in this place.
 B = Non-inter-level travel time spent in this place.
 C = Inter-level travel time spent in this place.
 D = Time resting spent in this place.
 E = Time spent auto-exploring this place.
 F = Levels seen in this place.
 G = Mean time per level.
                   A        B        C        D        E       F      G
               +--------+--------+--------+--------+--------+-----+--------+
         Total |   1469 |   1444 |     25 |    169 |   1053 |   2 |  734.5 |
       Dungeon |   1469 |   1444 |     25 |    169 |   1053 |   2 |  734.5 |
               +--------+--------+--------+--------+--------+-----+--------+

Top non-repeatable levels by time:
     D:1: 1437 daAuts
     D:2: 31 daAuts
